[Event "Yingmei Cup CHN-chT 2017"]
[Site "Shenzen"]
[Date "2017.04.18"]
[Round "1"]
[White "Xu, Xiangyu"]
[Black "Ding, Liren"]
[Result "1/2-1/2"]
[ECO "D73"]
[WhiteElo "2503"]
[BlackElo "2759"]
[Annotator "TA RC"]
[PlyCount "56"]
[EventDate "2017.??.??"]
[EventCountry "CHN"]
[SourceTitle "playchess.com"]
[Source "ChessBase"]
[SourceQuality "1"]
[TimeControl "5400+30"]

1. Nf3 d5 2. g3 $146 (2. d4 Nf6 3. e3 e6 4. Bd3 Bd6 5. O-O O-O 6. b3 c5 7. Bb2 b6 8. Nbd2 Bb7 9. Ne5 Nbd7 10. f4 Ne4 11. Nxe4 dxe4 12. Bc4 Nf6 13. Ng4 Nxg4 14. Qxg4 g6 15. f5 exf5 16. Rxf5 Bc8 17. Rxf7 Rxf7 18. Qxe4 Bf5 19. Qb7 Bxh2+ 20. Kxh2 Be6 21. Bxe6 Qh4+ {½-½ (21) Gelashvili,T (2622)-Mijovic,S (2300) Antalya 2009}) 2... g6 3. Bg2 Bg7 4. d4 Nf6 5. c4 c6 6. cxd5 cxd5 7. Nc3 Ne4 8. Qb3 Nxc3 9. bxc3 O-O 10. Ne5 Nc6 11. O-O Nxe5 12. dxe5 Be6 13. Rd1 Qc7 14. Bxd5 Bxd5 15. Rxd5 Bxe5 16. Ba3 b6 17. Rad1 Rfd8 18. Rxd8+ Rxd8 19. Rxd8+ Qxd8 20. Qa4 h5 21. c4 h4 22. gxh4 Qc8 23. Bxe7 Qg4+ 24. Kf1 Qh3+ 25. Ke1 Qc3+ 26. Kf1 Qh3+ 27. Ke1 Qc3+ 28. Kf1 Qh3+ 1/2-1/2

[Event "Yingmei Cup CHN-chT 2017"]
[Site "Shenzen"]
[Date "2017.04.18"]
[Round "1"]
[White "Liu, Shilan"]
[Black "Guo, Qi"]
[Result "0-1"]
[ECO "C01"]
[WhiteElo "2255"]
[BlackElo "2413"]
[Annotator "RC"]
[PlyCount "120"]
[EventDate "2017.??.??"]
[EventCountry "CHN"]
[SourceTitle "playchess.com"]
[Source "ChessBase"]
[SourceQuality "1"]
[TimeControl "5400+30"]

1. e4 e6 2. d4 d5 3. exd5 exd5 4. Bd3 Bd6 5. Nf3 Bg4 6. h3 Bh5 7. Be3 Ne7 8. c3 c6 9. Nbd2 Nd7 10. Qc2 Bg6 11. O-O Qc7 12. Rfe1 Bxd3 13. Qxd3 h6 14. Re2 O-O 15. Rae1 Ng6 16. Qf5 Rfe8 17. a3 Re6 18. h4 Rae8 19. Kf1 Ne7 20. Qd3 Nf6 21. c4 dxc4 22. Nxc4 Ned5 23. Nxd6 Qxd6 24. Bd2 Rxe2 25. Rxe2 Rd8 26. Qf5 Qd7 27. Qxd7 Nxd7 28. g3 Nf8 29. Ba5 b6 30. Be1 Ne6 31. Rc2 Rc8 32. Ke2 g5 33. hxg5 hxg5 34. Kd3 f6 35. Bd2 Kf7 36. Be3 Ne7 37. b4 Rd8 38. Nd2 Kg6 39. g4 Rh8 40. Nf3 Rh3 41. Ke4 Nc7 42. Ng1 Rh4 43. Kf3 Ncd5 44. Bc1 Kf7 45. Ne2 Ke6 46. Ng3 Kd7 47. Bd2 Nc8 48. a4 Nd6 49. Rc1 Rh8 50. Re1 Nc4 51. Rd1 Nxd2+ 52. Rxd2 Nxb4 53. Ke4 Ke6 54. Nf5 Rh3 55. Ne3 Nd5 56. Rc2 Ne7 57. a5 b5 58. d5+ cxd5+ 59. Kd4 Kd6 60. Rd2 Rh1 {Ke5 Kxe5} 0-1

[Event "Yingmei Cup CHN-chT 2017"]
[Site "Shenzen"]
[Date "2017.04.18"]
[Round "1"]
[White "Zhu, Jiner"]
[Black "Shvayger, Yuliya"]
[Result "1/2-1/2"]
[ECO "B32"]
[WhiteElo "2154"]
[BlackElo "2416"]
[Annotator "ChessBase"]
[PlyCount "81"]
[EventDate "2017.??.??"]
[EventCountry "CHN"]
[SourceTitle "playchess.com"]
[Source "ChessBase"]
[SourceQuality "1"]
[TimeControl "5400+30"]

1. e4 c5 2. Nf3 Nc6 3. d4 cxd4 4. Nxd4 e5 5. Nb5 d6 6. N1c3 a6 7. Na3 b5 8. Nd5 Nge7 9. Bg5 h6 10. Bxe7 Nxe7 11. c4 Nxd5 12. Qxd5 Be6 13. Qd2 Qh4 14. Qe3 b4 15. Nc2 a5 16. b3 Be7 17. g3 Qh5 18. Bg2 O-O 19. O-O Rfc8 20. Kh1 f6 21. Qd2 Qe8 22. h4 Qc6 23. Kh2 Rcb8 24. Rab1 Qc5 25. Bh3 Bf7 26. Kg2 Ra7 27. Rfd1 Qc6 28. Qd3 Bd8 29. Ne3 Bb6 30. Nf5 Bc5 31. Qf3 Kh7 32. h5 a4 33. Qg4 Be8 34. Rb2 axb3 35. axb3 Rb6 36. Rbd2 Qc7 37. Nh4 Bf7 38. Nf5 Be8 39. Nh4 Bf7 40. Nf5 Be8 41. Nh4 1/2-1/2